 Dungeon Crawl Stone Soup version 0.23-a0-49-gd9f7a49 (webtiles) character file.

9217 Amnesiac the Thaumaturge (level 11, -1/68 HPs)
             Began as a Mummy Earth Elementalist on Aug 6, 2018.
             Was a Priest of Vehumet.
             Slain by a polar bear (18 damage)
             ... on level 11 of the Dungeon.
             The game lasted 00:16:39 (10331 turns).

Amnesiac the Thaumaturge (MuEE)                    Turns: 10331, Time: 00:16:40

Health: -1/68      AC:  6    Str: 12    XL:     11   Next: 20%
Magic:  5/36       EV: 12    Int: 18    God:    Vehumet [***...]
Gold:   687        SH:  0    Dex: 12    Spells: 17/34 levels left

rFire    x . .     SeeInvis .   b - staff of conjuration
rCold    + . .     Gourm    .   (no shield)
rNeg     + + +     Faith    .   c - +0 robe
rPois    ∞         Spirit   .   w - +0 helmet
rElec    .         Reflect  .   e - +0 cloak
rCorr    .         Harm     +   f - +1 pair of gloves
MR       +....                  (no boots)
Stlth    ++........             h - amulet of harm
HPRegen  0.21/turn              u - ring of magical power
MPRegen  0.25/turn              (no ring)

@: very slightly contaminated
A: no food or potions, fire vulnerability, cold resistance 1, negative energy
resistance 3, torment resistance, unbreathing
a: Renounce Religion


You were on level 11 of the Dungeon.
You worshipped Vehumet.
Vehumet was most pleased with you.
You were not hungry.

You visited 4 branches of the dungeon, and saw 15 of its levels.
You also visited: Ossuary.

You collected 743 gold pieces.
You spent 56 gold pieces at shops.

Inventory:

Hand Weapons
 a - the +3 dagger of Teock {pierce, rElec MR+ Stlth+}
   (You found it on level 7 of the Dungeon)

   It inflicts extra damage upon your enemies.
   It insulates you from electricity.
   It affects your resistance to hostile enchantments.
   It makes you more stealthy.
Missiles
 l - 9 stones (quivered)
Armour
 c - a +0 robe (worn)
 e - a +0 cloak (worn)
 f - a +1 pair of gloves (worn)
 w - a +0 helmet (worn)
 y - the +1 ring mail of Nyddeoz {-Tele rF+ rCorr Dex+3}
   (You found it on level 8 of the Dungeon)

   It affects your dexterity (+3).
   It protects you from fire.
   It prevents most forms of teleportation.
   It provides partial protection from all sources of acid and corrosion.
Magical Staves
 b - an uncursed staff of conjuration (weapon)
Jewellery
 h - an amulet of harm (around neck)
 u - a ring of magical power (left hand)
Wands
 i - a wand of flame (60)
 j - a wand of acid (29)
 m - a wand of paralysis (13)
 o - a wand of random effects (20)
 s - a wand of enslavement (22)
 x - a wand of clouds (6)
Scrolls
 d - 8 scrolls of teleportation {!r}
 g - 7 scrolls of remove curse {!r}
 k - 4 scrolls of amnesia {!r}
 n - 2 scrolls of blinking {!r}
 p - 3 scrolls of enchant armour {!r}
 q - 2 scrolls of enchant weapon {!r}
 r - 2 scrolls of magic mapping {!r}
 t - a scroll of fog {!r}
 v - 6 scrolls of identify {!r}


   Skills:
 - Level 1.5 Dodging
 - Level 1.5 Stealth
 + Level 12.1 Spellcasting
 - Level 0.7 Transmutations
 * Level 12.1 Earth Magic


You had 17 spell levels left.
You knew the following spells:

 Your Spells              Type           Power        Failure   Level  Hunger
a - Sandblast             Erth           ######       1%          1    N/A
b - Passwall              Tmut/Erth      ####....     1%          2    N/A
c - Stone Arrow           Conj/Erth      #####.       1%          3    N/A
d - Lee's Rapid Deconstr  Erth           ######....   1%          5    N/A
e - Petrify               Tmut/Erth      ####....     4%          4    N/A
v - Blink                 Tloc           N/A          10%         2    N/A

Your spell library contained the following spells:

 Spells                   Type           Power        Failure   Level  Hunger
 Magic Dart               Conj           ###.         1%          1    N/A
 Conjure Flame            Conj/Fire      ###.....     5%          3    N/A
 Slow                     Hex            ##......     10%         2    N/A
 Mephitic Cloud           Conj/Pois/Air  ###.....     5%          3    N/A
 Call Imp                 Summ           ##......     10%         2    N/A

Dungeon Overview and Level Annotations

Branches:
Dungeon (11/15)            Temple (1/1) D:5            Lair (1/6) D:8
    Orc (2/2) D:10
    Elf: Orc:2

Altars:
Ashenzari
Cheibriados
Dithmenos
Elyvilon
Fedhas
Gozag
Hepliaklqana
Kikubaaqudgha
Makhleb
Nemelex Xobeh
Okawaru
Qazlal
Ru
Sif Muna
Trog
Uskayaw
Vehumet
Wu Jian
Xom
Yredelemnul
Zin
The Shining One

Shops:
D:7 %?[   Orc:1 %*   Orc:2 (

Portals:
Ice
Cave: D:11


Innate Abilities, Weirdness & Mutations

You do not eat or drink.
Your flesh is vulnerable to fire.
You are immune to poison.
Your flesh is cold resistant. (rC+)
You are immune to negative energy. (rN+++)
You are immune to unholy pain and torment.
You can survive without breathing.


Message History

The blast of rock fragments hits the polar bear.
The polar bear is moderately wounded.
The blast of rock fragments hits the yak.
The yak is heavily wounded.
You hear the faint crackling of a melting archway.
Unknown command.
Casting: Lee's Rapid Deconstruction (safe; 1% risk of failure)
Confirm with . or Enter, or press ? or * to list all spells.
Aiming: Lee's Rapid Deconstruction (safe; 1% risk of failure)
Press: ? - help, Dir - move target cursor, f - wolf Fragment what (e.g. wall or brittle monster)?: a wolf You cannot affect that.
Okay, then.
Found a ration.
Casting: Lee's Rapid Deconstruction (safe; 1% risk of failure)
Confirm with . or Enter, or press ? or * to list all spells.
Aiming: Lee's Rapid Deconstruction (safe; 1% risk of failure)
Press: ? - help, Dir - move target cursor A rock wall.
The wall shatters!
The blast of rock fragments hits the wolf.
The wolf is severely wounded.
The blast of rock fragments hits the yak.
The yak is severely wounded.
The blast of rock fragments hits the yak.
You kill the yak!
Vehumet accepts your kill.
You hear a shout!
The wolf barely misses you.
Unknown command.
Casting: Lee's Rapid Deconstruction (safe; 1% risk of failure)
Confirm with . or Enter, or press ? or * to list all spells.
Aiming: Lee's Rapid Deconstruction (safe; 1% risk of failure)
Press: ? - help, Dir - move target cursor A rock wall.
The wall shatters!
The blast of rock fragments hits the yak.
You kill the yak!
Vehumet accepts your kill.
You feel your power returning.
The blast of rock fragments hits the polar bear.
The polar bear is severely wounded.
The blast of rock fragments hits the wolf.
You kill the wolf!
Vehumet accepts your kill.
You feel your power returning.
You hear a shout!
The polar bear goes berserk!
You hear an angry growl.
You see here a ration.
Casting: Lee's Rapid Deconstruction (safe; 1% risk of failure)
Confirm with . or Enter, or press ? or * to list all spells.
Aiming: Lee's Rapid Deconstruction (safe; 1% risk of failure)
Press: ? - help, Dir - move target cursor A rock wall.
The wall shatters!
The blast of rock fragments hits the polar bear.
The polar bear is almost dead.
Something shouts, "Begone, thou plume-plucked grave-robbed paper wrap!"
Casting: Lee's Rapid Deconstruction (safe; 1% risk of failure)
Confirm with . or Enter, or press ? or * to list all spells.
You don't have enough magic to cast that spell.
The polar bear bites you!
You die...

.........###.Yh###..#
#..# ........##
##...##..#####..#
..#####.#
Dh####.........# ..
#.# #†# #.........##
#. #†####........).†
##h##...........)
##.###........####
#h## ##.......# #@#
#.......# #......#
#.####..# #...#### #.
#..# #.. # #..# #.
#..# # #..#


You could see 2 polar bears.

Vanquished Creatures
  A two-headed ogre (D:10)
  An unseen horror (D:10)
  4 hippogriffs
  A wraith (D:10)
  2 wyverns (D:10)
  7 yaks
  4 hungry ghosts
  A porcupine (D:8)
  4 ice beasts
  4 sky beasts
  3 orc warriors
  3 phantoms
  An eye of draining (D:10)
  3 black bears
  A necrophage (D:10)
  A wolf (D:11)
  4 ogres
  4 centaurs
  A crocodile (D:8)
  5 big kobolds
  3 bullfrogs
  A gnoll sergeant (D:9)
  3 scorpions
  An electric eel (D:10)
  A howler monkey (D:7)
  4 wights (D:6)
  4 crimson imps
  A bullfrog zombie (D:9)
  7 hounds
  A quasit (D:11)
  10 orc priests
  Crazy Yiuf (D:3)
  A centaur skeleton (D:10)
  2 jellies
  12 orc wizards
  A bullfrog skeleton (D:10)
  7 worker ants
  An iguana (D:10)
  7 big kobold zombies (Ossuary)
  A mummy (Ossuary)
  4 worker ant zombies
  3 adders
  3 gnolls (D:9)
  A shadow imp (D:5)
  An ooze (D:2)
  An adder zombie (D:7)
  4 worms
  4 dart slugs
  7 leopard geckos
  31 orcs
  6 spectral bats (Ossuary)
  8 bats
  3 giant cockroaches
  5 gnoll zombies (Ossuary)
  4 goblins
  8 hobgoblins
  5 jackals
  4 quokkas
  4 ball pythons
  3 bat simulacra (Ossuary)
  2 frilled lizards
  5 goblin simulacra (Ossuary)
  4 goblin zombies (Ossuary)
  4 hobgoblin zombies (Ossuary)
  15 kobolds
  6 kobold simulacra (Ossuary)
  5 kobold zombies (Ossuary)
  4 orc zombies (Ossuary)
  6 rats
  A rat simulacrum (Ossuary)
  3 spectral goblins (Ossuary)
  2 spectral rats (Ossuary)
  A fungus (D:8)
291 creatures vanquished.

Vanquished Creatures (others)
  A quokka (D:9)
  A goblin zombie (Ossuary)
  3 fungi (D:8)
5 creatures vanquished.

Grand Total: 296 creatures vanquished

Notes
Turn   | Place    | Note
-------+----------+-------------------------------------------
     0 | D:1      | Amnesiac the Mummy Earth Elementalist began the quest for the Orb.
     0 | D:1      | Reached XP level 1. HP: 13/13 MP: 4/4
   297 | D:3      | Reached XP level 2. HP: 19/19 MP: 3/5
   323 | D:4      | Learned a level 2 spell: Passwall
   356 | D:4      | Reached XP level 3. HP: 17/24 MP: 1/7
   361 | D:4      | Learned a level 3 spell: Stone Arrow
   474 | D:5      | Entered Level 5 of the Dungeon
   494 | D:5      | Found a sacrificial altar of Ru.
   524 | D:4      | Noticed a scorpion
   539 | D:4      | Killed a scorpion
   539 | D:4      | Reached XP level 4. HP: 9/30 MP: 0/9
   602 | D:4      | Learned a level 4 spell: Petrify
   741 | D:4      | Reached XP level 5. HP: 34/35 MP: 3/11
   800 | D:4      | Found a shattered altar of Ashenzari.
   818 | D:4      | Noticed a black bear
   827 | D:4      | Killed a black bear
   985 | D:4      | Noticed an ogre
   989 | D:4      | Killed an ogre
   989 | D:4      | Reached skill level 5 in Spellcasting
   989 | D:4      | Reached skill level 5 in Earth Magic
   989 | D:4      | Reached XP level 6. HP: 41/41 MP: 9/13
   996 | D:4      | Learned a level 5 spell: Lee's Rapid Deconstruction
  1017 | D:4      | Found a deep blue altar of Sif Muna.
  1019 | D:4      | Found a basalt altar of Yredelemnul.
  1019 | D:4      | Found a shimmering altar of Xom.
  1022 | D:4      | Found a sacrificial altar of Ru.
  1022 | D:4      | Found a radiant altar of Vehumet.
  1022 | D:4      | Found a stormy altar of Qazlal.
  1567 | D:5      | Found a staircase to the Ecumenical Temple.
  1583 | Temple   | Entered the Ecumenical Temple
  2529 | D:3      | Reached XP level 7. HP: 41/46 MP: 3/15
  3366 | D:3      | Found a runed door.
  3502 | D:3      | Noticed Crazy Yiuf
  3505 | D:3      | Killed Crazy Yiuf
  3971 | D:6      | Reached XP level 8. HP: 52/52 MP: 14/18
  4027 | D:6      | Found a sand-covered staircase.
  4033 | Ossuary  | Entered an ossuary
  5634 | D:7      | Found Dabon's Magic Scroll Shoppe.
  5637 | D:7      | Found Cepheono's Food Shop.
  5638 | D:7      | Bought a scroll of magic mapping for 56 gold pieces
  6299 | D:7      | Got a translucent dagger
  6300 | D:7      | Identified the +3 dagger of Teock {pierce, rElec MR+ Stlth+} (You found it on level 7 of the Dungeon)
  6315 | D:7      | Reached XP level 9. HP: 46/57 MP: 0/21
  6541 | D:7      | Found Jaimpeasm's Antique Armour Boutique.
  6558 | D:7      | Found a sparkling altar of Nemelex Xobeh.
  6560 | D:7      | Found a shimmering altar of Xom.
  6563 | D:7      | Found an ancient bone altar of Kikubaaqudgha.
  6564 | D:7      | Found a snail-covered altar of Cheibriados.
  6565 | D:7      | Found a radiant altar of Vehumet.
  6568 | D:7      | Found a glowing silver altar of Zin.
  6576 | D:7      | Became a worshipper of Vehumet
  7749 | D:8      | Reached * piety under Vehumet
  7749 | D:8      | Offered knowledge of Sting by Vehumet.
  7959 | D:8      | Found a burning altar of Makhleb.
  8141 | D:8      | Found a snail-covered altar of Cheibriados.
  8191 | D:8      | Reached skill level 10 in Spellcasting
  8194 | D:8      | Reached skill level 10 in Earth Magic
  8203 | D:8      | Got a faintly glowing ring mail
  8278 | D:8      | Found a staircase to the Lair.
  8437 | D:9      | Reached XP level 10. HP: 63/63 MP: 22/24
  8440 | D:9      | Offered knowledge of Throw Flame by Vehumet.
  8443 | D:9      | Reached ** piety under Vehumet
  8447 | D:9      | Learned a level 2 spell: Blink
  8448 | D:9      | Found a white marble altar of Elyvilon.
  9097 | D:10     | Entered Level 10 of the Dungeon
  9222 | D:10     | Offered knowledge of Throw Frost by Vehumet.
  9375 | D:10     | Got a steaming ring mail
  9389 | D:10     | Identified the +1 ring mail of Nyddeoz {-Tele rF+ rCorr Dex+3} (You found it on level 8 of the Dungeon)
  9400 | D:10     | Identified the cursed +0 ring mail of Wudiogi {rN+ Dex+4} (You took it off an orc on level 10 of the Dungeon)
  9432 | D:10     | Killed an unseen horror
  9432 | D:10     | Reached *** piety under Vehumet
  9534 | D:10     | Reached XP level 11. HP: 60/68 MP: 18/26
  9545 | D:10     | Noticed a two-headed ogre
  9549 | D:10     | Killed a two-headed ogre
  9865 | D:10     | Found a staircase to the Orcish Mines.
  9888 | Orc:1    | Entered Level 1 of the Orcish Mines
  9901 | Orc:1    | Found Bic Efa's General Store.
  9902 | Orc:1    | Offered knowledge of Sticky Flame by Vehumet.
 10005 | Orc:1    | Found Wohocl Kedo's Food Shoppe.
 10058 | Orc:2    | Entered Level 2 of the Orcish Mines
 10058 | Orc:2    | Found Bulat's Weapon Shop.
 10066 | Orc:2    | Noticed an orc high priest
 10141 | Lair:1   | Entered Level 1 of the Lair of Beasts
 10239 | D:11     | Noticed a mana viper
 10320 | D:11     | Found a frozen archway.
 10320 | D:11     | Noticed an ice dragon
 10331 | D:11     | Slain by a polar bear

Vault maps used:
D:1:      matt_arrival_refuge
D:3:      first_ration, uniq_crazy_yiuf_cottage
D:4:      old_standard_altar, doesnt_xom_only_xom
D:5:      temple_hall, hangedman_ru_absence
D:6:      nicolae_ossuary_entry_false_entrances
D:7:      hangedman_cross_stitches, minitemple, serial_shops, shop_statue, shop,
          nicolae_shop_overgrown_old_shop
D:8:      kennysheep_little_box, grunt_lair_entry_orc_guard_hut, basic_altar,
          blue_anna_alchemist
D:9:      elyvilon_altar_4
D:10:     orc_0_dummy, fungi_pond_lemuel
D:11:     portal_ice_cave_entry_animals_and_master
Temple:   dshaligram_water_room_temple
Lair:1:   minmay_lair_oklob_tunnel, infiniplex_staircase_pool
Orc:1:    serial_shops, shop, shop, shop, shop, shop
Orc:2:    grunt_orc_gardens, grunt_orc_garden, grunt_orc_garden,
          grunt_orc_garden, grunt_orc_garden, serial_shops, shop
Ossuary:  ossuary_zaba_two_paths

Skill      XL: |  1  2  3  4  5  6  7  8  9 10 11 |
---------------+----------------------------------+-----
Spellcasting   | 3 4 5 6 8 10 11 12 | 12.1
Earth Magic    | 3 4 5 6 8 10 11 12 | 12.1
Dodging        | |  1.5
Stealth        | |  1.5
Transmutations | |  0.7

Action                   |  1- 3 |  4- 6 |  7- 9 | 10-12 || total
-------------------------+-------+-------+-------+-------++-------
Melee: Mace              |     4 |    11 |       |       ||    15
       Staff             |       |    11 |    90 |       ||   101
 Cast: Sandblast         |    17 |    44 |   111 |    57 ||   229
       Stone Arrow       |       |    12 |   105 |       ||   117
       Lee's Rapid Decon |       |       |    14 |    57 ||    71
       Passwall          |       |       |     1 |     2 ||     3
       Petrify           |       |       |       |     7 ||     7
  Use: Scroll            |     1 |     8 |     1 |     3 ||    13
 Stab: Sleeping          |       |     1 |     1 |       ||     2
Armor: Robe              |     2 |    14 |    55 |    14 ||    85
Dodge: Dodged            |     9 |    25 |   131 |    25 ||   190

Table legend:
 A = Spawn XP
 B = Non-spawn XP
 C = Spawn XP percentage of total XP
 D = Spawn monster count
 E = Non-spawn monster count
 F = Spawn count percentage of total count
 G = Total turns spent on level
                    A         B        C        D         E        F      G
               +---------+---------+-------+---------+---------+-------+---------
         Total |       0 |   13168 |   0.0 |       0 |     290 |   0.0 | 10331
               +---------+---------+-------+---------+---------+-------+---------
           D:1 |       0 |      47 |   0.0 |       0 |      25 |   0.0 |   690
           D:2 |       0 |      32 |   0.0 |       0 |       9 |   0.0 |   422
           D:3 |       0 |     280 |   0.0 |       0 |      27 |   0.0 |  1296
           D:4 |       0 |     448 |   0.0 |       0 |      12 |   0.0 |  1090
           D:5 |       0 |      97 |   0.0 |       0 |       7 |   0.0 |   776
           D:6 |       0 |     751 |   0.0 |       0 |      13 |   0.0 |   688
           D:7 |       0 |    1413 |   0.0 |       0 |      21 |   0.0 |  1455
           D:8 |       0 |    1983 |   0.0 |       0 |      30 |   0.0 |   484
           D:9 |       0 |    2630 |   0.0 |       0 |      32 |   0.0 |   808
          D:10 |       0 |    4065 |   0.0 |       0 |      37 |   0.0 |   861
          D:11 |       0 |     784 |   0.0 |       0 |      13 |   0.0 |    88
         Orc:1 |       0 |     376 |   0.0 |       0 |       7 |   0.0 |   188
         Orc:2 |       0 |       3 |   0.0 |       0 |       1 |   0.0 |    15
       Ossuary |       0 |     259 |   0.0 |       0 |      56 |   0.0 |  1389
               +---------+---------+-------+---------+---------+-------+---------
